 Dungeon Crawl Stone Soup version 0.29.1-2-gbd0b4ee654 (webtiles) character file.

Game seed: 17434802081580050740

2 qeuew the Grave Robber (level 1, 4/13 HPs)
             Began as a Vampire Necromancer on Nov 10, 2022.
             Quit the game on level 1 of the Dungeon.
             The game lasted 00:00:37 (148 turns).

qeuew the Grave Robber (Vampire Necromancer)         Turns: 148, Time: 00:00:38

Health: 4/13       AC:  2    Str:  7    XL:     1   Next: 33%
Magic:  0/3        EV: 12    Int: 17    God:
Gold:   10         SH:  0    Dex: 14    Spells: 3/4 levels left

rFire   . . .      SeeInvis +   (no weapon)
rCold   . . .      Faith    .   (no shield)
rNeg    . . .      Spirit   .   a - +0 robe
rPois   .          Reflect  .   (no helmet)
rElec   .          Harm     .   (no cloak)
rCorr   .          Rampage  .   (no gloves)
Will    .....                   (no boots)
Stlth   ++........              (no amulet)
HPRegen 0.24/turn               (no ring)
MPRegen 0.08/turn               (no ring)

@: healing quickly
A: alive, fangs 3, see invisible, vampiric 1
a: Exsanguinate


You were on level 1 of the Dungeon.
You visited 1 branch of the dungeon, and saw 1 of its levels.

You collected 10 gold pieces.

Inventory:

Armour
 a - a +0 robe (worn)
Potions
 b - a potion of magic
 c - a potion of haste {unknown}


   Skills:
 + Level 0.1 Fighting
 + Level 0.0 Armour
 + Level 2.2 Dodging
 + Level 3.0 Stealth
 + Level 2.0 Spellcasting
 + Level 4.4 Necromancy


You had 3 spell levels left.
You knew the following spells:

 Your Spells              Type           Power      Damage    Failure   Level
a - Necrotise             Necr           64%        1d7       3%          1

Your spell library contained the following spells:

 Spells                   Type           Power      Damage    Failure   Level
 Vampiric Draining        Necr           16%        2d7       10%         3
 Animate Dead             Necr           16%        N/A       30%         4
 Agony                    Necr           16%        N/A       65%         5


Dungeon Overview and Level Annotations

Branches:
Dungeon (1/15)

Altars:


Innate Abilities, Weirdness & Mutations

Your natural rate of healing is accelerated.
You have razor-sharp teeth.
You have supernaturally acute eyesight. (SInv)
You are afflicted with vampirism.


Message History

You hit the endoplasm. You bite the endoplasm.
You kill the endoplasm!
You see here a +0 robe.
An endoplasm is nearby!
An endoplasm is nearby!
A hobgoblin comes into view.
The helpless endoplasm fails to defend itself.
You hit the endoplasm but do no damage.
The hobgoblin shouts!
The endoplasm closely misses you.
You are out of magic!
You hit the endoplasm but do no damage.
A bat comes into view.
The endoplasm freezes you.
You are frozen.
You hit the endoplasm.
The endoplasm is lightly wounded.
The endoplasm freezes you.
You are frozen.
You are too injured to fight recklessly!
There are monsters nearby!
You are too injured to fight recklessly!
There are monsters nearby!
You are too injured to fight recklessly!
You are too injured to fight recklessly!
There are monsters nearby!
You are too injured to fight recklessly!
You are too injured to fight recklessly!
You are too injured to fight recklessly!
There are monsters nearby!
You are too injured to fight recklessly!
You are too injured to fight recklessly!
There are monsters nearby!
You are too injured to fight recklessly!
You are too injured to fight recklessly!
There are monsters nearby!
You are too injured to fight recklessly!
There are monsters nearby!
Okay, then.
Are you sure you want to abandon this character and quit the game? (Confirm with "yes".)

#...# # ... .#
... ##'##
#.#.. .##...
##...#
##.#..##..#...
#..>..
...b.g...#...
+..<..
.......?#.
#.....
#...#..#
##...#
##...J..#
##'##
#...@...#
##8.8#
#.#..#### ###
####'##
#.##.#.[#
#.###......
#.......#
#.##.....#.
####.#.##
#.##.[.....
#.#.#
##.###...... #
#.#
##.#.####'''#
#.#
#.###..##...#
#.#
#..#....)....


You could see an endoplasm, a hobgoblin and a bat.

Vanquished Creatures
  An endoplasm (D:1)
  2 kobolds (D:1)
3 creatures vanquished.

Notes
Turn   | Place    | Note
-------+----------+-------------------------------------------
     0 | D:1      | qeuew the Vampire Necromancer began the quest for the Orb.
     0 | D:1      | Reached XP level 1. HP: 13/13 MP: 3/3
   148 | D:1      | Quit the game

Illustrated notes

Levels and vault maps discovered:
D:1:      shiori_arrival_elements, layout_loops_ring,
          hellmonk_ecumenical_altar_inner_sanctum, minmay_3d_cube

Action                   || total
-------------------------++-------
Melee: Unarmed           ||    11
       Bite              ||     1
 Cast: Necrotise         ||     7
 Stab: Sleeping          ||     1
Dodge: Dodged            ||     9
